Map: Lerilak Crest

Players

Seither - Winner!

  • Race: Terran Terran
  • League: Master

DemiLove (Demi)

  • Race: Zerg Zerg

VOD

Have the link to the VOD?

Description

Time

  • Played on: Dec. 7, 2015, 8:07 a.m.
  • Length: 14:38
Show
View Real Time Build Order
Export as new Build Order

Seither Terran - Winner!

Build Orders: Reaper Expand, Bio Tank 

Get SALT Encoding   

  12  0:00  SCV  
  13  0:12  SCV  
  14  0:16  Supply Depot  
  14  0:24  SCV  
  15  0:38  SCV  
  15  0:39  Barracks  
  16  0:45  Refinery  
  16  0:50  SCV  
  17  1:02  SCV  
  18  1:14  SCV  
  19  1:27  Orbital Command  
  19  1:28  Reaper  
  20  1:41  Command Center  
  20  1:52  Supply Depot  
  20  1:54  SCV  
  20  2:00  Marine  
  22  2:08  SCV  
  23  2:10  Factory  
  23  2:12  Refinery  
  23  2:20  SCV  
  24  2:25  Barracks Reactor  
  24  2:33  SCV  
  25  2:45  SCV  
  26  2:55  Widow Mine  
  26  2:57  Starport  
  28  2:59  Orbital Command  
  28  3:05  Supply Depot  
  28  3:06  SCV  
  28  3:07  Marine x2  
  31  3:18  SCV  
  32  3:25  Bunker, Marine x2  
  34  3:27  SCV  
  34  3:30  SCV  
  34  3:34  Medivac  
  38  3:38  Factory Tech Lab  
  38  3:39  SCV  
  39  3:42  SCV  
  39  3:43  Marine x2  
  42  3:51  SCV  
  42  3:54  SCV  
  44  3:55  Supply Depot  
  44  3:57  Siege Tank  
  44  4:01  Marine x2  
  49  4:04  SCV  
  49  4:06  SCV  
  51  4:12  Viking  
  53  4:21  Command Center  
  53  4:24  SCV x2  
  53  4:25  Marine  
  53  4:26  Marine  
  57  4:34  Supply Depot x2  
  57  4:38  SCV x2  
  59  4:40  Siege Tank  
  62  4:55  SCV x2, Marine x2  
  66  5:06  Starport Reactor  
  66  5:09  SCV x2  
  66  5:10  Barracks  
  66  5:11  Refinery, Barracks  
  66  5:13  Marine x2  
  70  5:14  Supply Depot  
  70  5:20  Siege Tank  
  73  5:23  SCV x2  
  73  5:27  Engineering Bay  
  75  5:29  Refinery  
  75  5:31  Marine x2  
  75  5:32  Engineering Bay  
  75  5:35  SCV  
  79  5:40  Supply Depot  
  79  5:43  SCV  
  79  5:44  Orbital Command  
  79  5:48  Marine x2  
  81  5:54  Siege Tank  
  84  5:58  Terran Infantry Weapons Level 1, Terran Infantry Armor Level 1  
  84  6:01  Barracks Tech Lab  
  84  6:02  Starport Reactor  
  84  6:06  Supply Depot  
  84  6:07  Marine x4  
  88  6:13  SCV x2  
  89  6:18  Orbital Command  
  89  6:22  Marine  
  89  6:23  Stimpack  
  88  6:26  Barracks  
  88  6:27  Barracks  
  88  6:37  Supply Depot  
  88  6:39  Supply Depot  
  88  6:40  Refinery  
  88  6:44  Marauder, Siege Tank, Marine x3  
  88  6:46  Medivac x2  
  100  6:48  SCV x2  
  100  6:50  SCV  
  103  6:54  Supply Depot  
  103  7:01  SCV x2, Supply Depot  
  105  7:06  Marine x3  
  105  7:07  Marauder  
  110  7:11  SCV  
  110  7:13  SCV x2  
  110  7:14  Supply Depot, Barracks Reactor  
  110  7:15  Barracks Reactor  
  112  7:23  Medivac  
  112  7:24  Medivac  
  112  7:27  Supply Depot  
  116  7:31  SCV  
  116  7:32  SCV x2  
  116  7:37  Armory  
  119  7:38  Supply Depot, Marauder, Marine x2  
  123  7:46  SCV, Siege Tank  
  123  7:47  SCV  
  123  7:50  Refinery  
  128  7:55  Marine x3  
  128  7:56  Marine  
  132  8:00  Marauder  
  127  8:09  Marine  
  127  8:10  Marine  
  127  8:11  Marine  
  127  8:12  Marine  
  131  8:13  Marine x4  
  135  8:21  Marauder  
  135  8:23  Combat Shields  
  135  8:24  SCV x3  
  140  8:27  Marine x2  
  140  8:29  Marine x2  
  140  8:31  Marine x4  
  146  8:35  Terran Infantry Weapons Level 2  
  146  8:36  Terran Infantry Armor Level 2  
  146  8:37  Siege Tank, Medivac x2  
  152  8:42  Marine  
  152  8:45  Marine x2  
  152  8:47  Marine x2  
  148  8:49  Marine x3  
  148  8:55  Marine  
  148  9:00  Marauder  
  128  9:03  Marine x2  
  128  9:05  Marine x2  
  128  9:07  Marine  
  121  9:11  Marine  
  121  9:12  SCV, Marine  
  121  9:13  SCV x2, Marine  
  120  9:22  Marine x2, Marauder  
  120  9:23  Marine x2  
  114  9:29  SCV x3  
  116  9:34  Barracks x2  
  116  9:35  Barracks  
  116  9:37  Marine x4  
  120  9:40  Medivac x2  
  120  9:43  Siege Tank, Marauder  
  120  9:44  Terran Vehicle Weapons Level 1  
  129  9:46  SCV x2  
  131  9:55  Supply Depot x2  
  131  9:57  Marine x7  
  131  9:58  Marine  
  138  10:04  Marauder  
  140  10:15  Marine x6  
  140  10:16  Supply Depot  
  140  10:17  Supply Depot  
  146  10:23  Barracks Tech Lab x3  
  146  10:26  Command Center, Marauder  
  148  10:32  Marine x2  
  148  10:33  Medivac x2, Marine x2  
  156  10:39  Siege Tank  
  156  10:42  Marine, Concussive Shells, Marauder  
  161  10:47  Marauder  
  164  10:51  Supply Depot  
  164  11:02  Marine x9  
  164  11:03  Medivac, Marine  
  176  11:09  Marauder  
  178  11:14  Marine  
  179  11:19  Marine  
  179  11:20  Marine x4  
  179  11:21  Marauder x2  
  179  11:24  Marine x3  
  190  11:30  Marauder  
  190  11:32  Marauder  
  187  11:37  Marine  
  185  11:42  Marauder  
  185  11:44  Marauder, Marine x4  
  193  11:50  Marine x3  
  193  11:51  Marauder  
  193  11:53  Marauder  
  198  12:01  Marine  
  198  12:02  Marine  
  198  12:04  Marauder  
  198  12:06  Marine  
  199  12:10  Marine  
  200  12:21  Marine x2  
  200  12:33  Missile Turret  
  195  12:37  Marine x3  
  195  12:38  Marauder  
  192  12:44  Marine x4  
  192  12:45  Marauder x2  
  192  12:50  Marauder, Marine  
  191  12:54  Missile Turret  
  190  13:00  Marine x2  
  190  13:01  Marauder  
  193  13:08  Planetary Fortress, Missile Turret  
  187  13:13  Marine x4  
  187  13:15  SCV  
  187  13:27  Marauder x2, Marine x3  
  181  13:31  Marine x2  
  190  13:38  Marine x2  
  190  13:39  Marauder  
  173  13:41  Marine  
  147  13:51  SCV x3, Marine x3  
  153  13:56  Marine x2  
  153  13:58  Marine x2  
  157  14:03  Missile Turret  
  153  14:12  Marine x3  
  153  14:13  Marauder, Marine x2  
Show
View Real Time Build Order
Export as new Build Order

DemiLove Zerg 

Build Orders: Hatch First 

Get SALT Encoding   

  12  0:01  Drone  
  13  0:12  Overlord  
  13  0:17  Drone  
  14  0:31  Drone x2  
  16  0:35  Drone  
  17  0:52  Hatchery  
  17  0:56  Drone  
  17  0:59  Drone  
  17  1:04  Extractor  
  17  1:14  Spawning Pool  
  17  1:17  Drone  
  17  1:20  Drone  
  18  1:32  Drone  
  19  1:40  Overlord  
  19  2:01  Queen  
  19  2:02  Zergling x2  
  19  2:05  Queen  
  19  2:06  Zergling x2  
  19  2:07  Metabolic Boost  
  25  2:14  Drone  
  26  2:20  Drone  
  27  2:27  Drone x2  
  29  2:33  Overlord  
  29  2:36  Drone  
  30  2:41  Queen  
  32  2:45  Drone  
  33  2:56  Drone x2  
  35  3:01  Drone  
  36  3:05  Hatchery  
  36  3:11  Drone x3  
  38  3:15  Drone x3  
  41  3:20  Overlord  
  41  3:23  Drone  
  41  3:24  Drone  
  43  3:31  Roach Warren  
  42  3:34  Drone x2  
  44  3:47  Extractor x2  
  42  3:51  Overlord  
  42  3:53  Drone x4  
  42  3:54  Drone x3  
  49  4:03  Drone  
  49  4:04  Drone  
  51  4:10  Spore Crawler x2  
  49  4:22  Roach  
  49  4:23  Roach x3  
  57  4:25  Overlord  
  57  4:27  Drone x4  
  61  4:35  Evolution Chamber x2, Drone x2  
  61  4:36  Overlord  
  61  4:44  Overlord  
  61  4:50  Spore Crawler  
  54  5:00  Drone x5  
  54  5:01  Drone x5  
  54  5:06  Queen  
  66  5:10  Zerg Missile Weapons Level 1  
  66  5:14  Zerg Ground Armor Level 1  
  66  5:19  Lair  
  66  5:23  Drone x3  
  66  5:24  Drone  
  66  5:27  Overlord  
  70  5:29  Pneumatized Carapace  
  70  5:31  Drone  
  70  5:32  Drone  
  73  5:35  Drone  
  73  5:36  Drone x2  
  73  5:37  Drone  
  73  5:38  Drone  
  73  5:41  Extractor x2  
  73  5:42  Extractor  
  74  5:43  Overlord  
  74  5:44  Ravager x2  
  74  5:45  Ravager  
  74  5:48  Drone  
  74  5:49  Drone x2  
  80  5:50  Drone  
  80  5:51  Drone  
  82  6:00  Drone  
  83  6:06  Overlord x3  
  83  6:09  Hatchery  
  82  6:12  Roach x2  
  82  6:13  Roach x2  
  90  6:22  Roach x4  
  90  6:25  Glial Reconstitution  
  98  6:27  Overlord x2  
  98  6:30  Roach x2  
  98  6:31  Overseer  
  102  6:39  Overlord  
  102  6:45  Roach  
  102  6:46  Roach x7  
  118  6:51  Overlord  
  118  6:54  Overlord x3  
  118  7:03  Overlord x2  
  118  7:09  Roach x5  
  118  7:15  Ravager x4  
  130  7:16  Ravager x5  
  130  7:22  Roach x4  
  147  7:23  Roach x2  
  147  7:27  Overlord  
  147  7:28  Overlord  
  149  7:31  Roach x2  
  149  7:36  Overlord  
  153  7:38  Roach  
  153  7:39  Roach x2  
  159  7:46  Roach x3  
  165  7:53  Roach x5  
  175  8:03  Roach x5  
  184  8:08  Roach x3  
  184  8:09  Roach x2  
  192  8:14  Ravager x3  
  192  8:16  Roach  
  192  8:17  Zergling x2  
  196  8:37  Roach x2  
  174  8:59  Roach x6  
  174  9:00  Roach x11  
  137  9:13  Roach  
  137  9:14  Roach x2  
  137  9:21  Zerg Missile Weapons Level 2  
  137  9:23  Roach x2, Zergling x2  
  130  9:24  Hydralisk Den  
  126  9:32  Zerg Ground Armor Level 2  
  126  9:38  Overlord  
  126  9:41  Hatchery  
  126  9:44  Hatchery  
  124  9:46  Overlord  
  124  9:47  Infestation Pit  
  124  9:48  Tunneling Claws  
  124  9:50  Burrow  
  123  9:55  Muscular Augments  
  123  10:06  Spore Crawler x2  
  121  10:08  Spore Crawler, Hydralisk x4  
  121  10:09  Hydralisk x2  
  121  10:10  Roach  
  121  10:12  Extractor  
  121  10:14  Drone x5  
  135  10:15  Drone  
  135  10:17  Extractor  
  138  10:32  Roach x4  
  138  10:33  Roach x6  
  158  10:41  Hive  
  158  10:43  Hatchery  
  158  10:45  Drone x2  
  158  11:03  Queen  
  160  11:10  Ravager x5  
  160  11:11  Ravager  
  166  11:26  Roach  
  166  11:27  Roach x14  
  166  11:32  Ravager x4  
  192  12:04  Roach  
  192  12:05  Roach x4  
  188  12:16  Roach x2  
  188  12:17  Roach x4  
  188  12:21  Viper, Roach x5  
  188  12:22  Viper  
  200  12:28  Extractor  
  199  12:37  Viper x2  
  181  12:52  Roach x3  
  172  13:01  Roach x5  
  172  13:02  Roach x7  
  172  13:05  Roach x5  
  193  13:08  Overlord  
  188  13:15  Overlord  
  182  13:20  Overlord  
  182  13:25  Overlord  
  138  13:45  Roach  
  138  13:46  Roach x3  
  124  13:49  Hydralisk Den  
  119  14:12  Overlord  
  119  14:26  Hatchery  
Tags
 
Add a new tag
Caveats
  • Supply blocks, unpowered buildings, or Contaminate may cause inaccurate times.
  • Supply counts are checked every 10 seconds.